 Dungeon Crawl Stone Soup version 0.23.0 (webtiles) character file.

Game seed: 10288671850484365297

77 zishaf the Vexing (level 4, -1/26 HPs)
             Began as a Kobold Arcane Marksman on Feb 19, 2019.
             Slain by an orc
             ... wielding a +0 short sword
              (3 damage)
             ... on level 3 of the Dungeon.
             The game lasted 00:04:06 (2656 turns).

zishaf the Vexing (Kobold Arcane Marksman)          Turns: 2656, Time: 00:04:07

Health: -1/26      AC:  5    Str:  8    XL:     4   Next: 58%
Magic:  5/5        EV: 13    Int: 14    God:
Gold:   91         SH:  5    Dex: 15    Spells: 4/5 levels left

rFire    . . .     SeeInvis .   a - +0 short sword
rCold    . . .     Gourm    .   (shield restricted)
rNeg     . . .     Faith    .   c - +0 ring mail
rPois    .         Spirit   .   (no helmet)
rElec    .         Reflect  +   q - scarf {repulsion}
rCorr    .         Harm     .   (no gloves)
MR       .....                  (no boots)
Stlth    +.........             p - +5 amulet of reflection
HPRegen  0.08/turn              (no ring)
MPRegen  0.09/turn              (no ring)

@: repel missiles
A: small, carnivore
a: no special abilities


You were on level 3 of the Dungeon.
You were completely stuffed.

You visited 1 branch of the dungeon, and saw 3 of its levels.

You collected 91 gold pieces.

Inventory:

Hand Weapons
 a - a +0 short sword (weapon)
 b - a +0 hand crossbow
 w - a +0 hunting sling
Missiles
 d - 8 bolts
 i - 44 stones (quivered)
Armour
 c - a +0 ring mail (worn)
 e - a +0 robe
 q - a scarf of repulsion (worn)
Jewellery
 p - a +5 amulet of reflection (around neck)
Scrolls
 k - a scroll of random uselessness {unknown}
 l - a scroll of remove curse {unknown}
 n - 2 scrolls of magic mapping {unknown}
 o - 8 scrolls of identify {unknown}
 r - a scroll of immolation {unknown}
 t - a scroll of amnesia {unknown}
 u - 2 scrolls of teleportation {unknown}
Potions
 g - a potion of resistance {unknown}
 h - 2 potions of curing {unknown}
 j - a potion of heal wounds {unknown}
 m - a potion of mutation {unknown}
Comestibles
 f - 3 rations
 s - a chunk of flesh


   Skills:
 + Level 2.1 Fighting
 + Level 1.4 Short Blades
 + Level 3.0 Crossbows
 + Level 1.2 Armour
 - Level 3.0 Dodging
 + Level 2.2 Stealth
 - Level 1.1 Spellcasting
 - Level 3.0 Hexes


You had 4 spell levels left.
You knew the following spells:

 Your Spells              Type           Power        Failure   Level  Hunger
a - Corona                Hex            #......      22%         1    ##.....

Your spell library contained the following spells:

 Spells                   Type           Power        Failure   Level  Hunger
 Slow                     Hex            #.......     34%         2    ###....
 Inner Flame              Hex/Fire       #.......     77%         3    ####...
 Portal Projectile        Hex/Tloc       #.....       77%         3    ####...
 Cause Fear               Hex            #.........   92%         4    #####..
 Leda's Liquefaction      Hex/Erth       #.........   99%         4    #####..


Dungeon Overview and Level Annotations

Branches:
Dungeon (3/15)

Altars:


Innate Abilities, Weirdness & Mutations

You are small and have problems with some larger weapons.
You are carnivorous and can eat meat at any time.


Message History

The orc hits you but does no damage. You block the orc's attack.
You hit the orc but do no damage.
The orc is heavily wounded.
The orc hits you with a +0 short sword. You block the orc's attack.
You barely miss the orc.
The orc is heavily wounded.
The orc hits you but does no damage. You block the orc's attack.
You hit the orc but do no damage.
The orc is heavily wounded.
The orc closely misses you. The orc misses you. You block the orc's attack.
You barely miss the orc.
The orc is heavily wounded.
The orc hits you with a +0 hand axe.
* * * LOW HITPOINT WARNING * * *
The orc hits you with a +0 short sword.
* * * LOW HITPOINT WARNING * * *
You closely miss the orc.
The orc is heavily wounded.
You block the orc's attack. The orc hits you with a +0 short sword.
You die...

...............#.#
##.###..#......#.#
##.#....#......#.##############
...#>..........................
.#o#.####......#.##............
.o.............#.##.###########
...............#o#.........
o......)..######o#..#######
..........# #@#<........
..........# ###o##########
o.........####....).([o..
...........(.....(#######
..........(........
.o.......#........##
.........#........#
.........########## .........#


You could see 3 orcs.

Vanquished Creatures
  An adder (D:2)
  2 oozes
  5 orcs
  A giant cockroach (D:1)
  4 goblins
  6 hobgoblins
  11 jackals
  8 bats
  3 frilled lizards
  3 kobolds (D:1)
  6 rats
50 creatures vanquished.

Notes
Turn   | Place    | Note
-------+----------+-------------------------------------------
     0 | D:1      | zishaf the Kobold Arcane Marksman began the quest for the
                  | Orb.
     0 | D:1      | Reached XP level 1. HP: 12/12 MP: 2/2
   206 | D:1      | Reached XP level 2. HP: 4/16 MP: 3/3
   505 | D:1      | Reached skill level 1 in Stealth
  1100 | D:2      | Reached XP level 3. HP: 16/20 MP: 4/4
  1570 | D:2      | Reached skill level 1 in Armour
  1903 | D:3      | Reached skill level 1 in Short Blades
  1913 | D:2      | Reached XP level 4. HP: 23/26 MP: 5/5
  2656 | D:3      | Slain by an orc

Skill      XL: |  1  2  3  4 |
---------------+-------------+-----
Stealth        | 1 2 |  2.2
Armour         | 1 |  1.2
Short Blades   | 1 |  1.4
Dodging        | 3 |  3.0
Crossbows      | 3 |  3.0
Fighting       | 2 |  2.1
Spellcasting   | |  1.1
Hexes          | |  3.0

Action                   |  1- 3 |  4- 6 || total
-------------------------+-------+-------++-------
Melee: Unarmed           |     9 |       ||     9
       Short sword       |   117 |   109 ||   226
 Fire: Hand crossbow     |    34 |     9 ||    43
  Eat: Chunk             |    11 |     3 ||    14
Armor: Ring mail         |    57 |    31 ||    88
Dodge: Dodged            |   109 |    83 ||   192
Block: Other             |    41 |    25 ||    66
